 Dungeon Crawl Stone Soup version 0.30.1-4-g462c640d31 (webtiles) character file.

Game seed: 2095673510619882903

17924 spardeous the Thaumaturge (level 11, -3/74 HPs)
             Began as a Demigod Conjurer on Sept 4, 2023.
             Slain by a fire elemental (4 damage)
             ... led by Azrael
             ... on level 12 of the Dungeon.
             The game lasted 00:28:28 (17274 turns).

spardeous the Thaumaturge (Demigod Conjurer)       Turns: 17274, Time: 00:28:29

Health: -3/74      AC: 14    Str: 15    XL:     11   Next: 97%
Magic:  1/29       EV: 11    Int: 28    God:
Gold:   677        SH:  0    Dex: 15    Spells: 20/30 levels left

rFire   + . .        b - +4 mace
rCold   . . .        (no shield)
rNeg    . . .        M - +5 ring mail of Ennui {rPois rC+ Str+3 Dex-3}
rPois   +            (no helmet)
rElec   .            w - +1 cloak
rCorr   .            A - +0 pair of gloves
SInv    +            f - +0 pair of boots
Will    +....        (no amulet)
Stlth   +            n - ring of Noiskun {Fire Dex+6}
HPRegen 0.32/turn    t - ring of see invisible
MPRegen 0.21/turn

%: no passive effects
@: no status effects
A: high MP 1, forlorn, divine attributes
a: no special abilities


You were on level 12 of the Dungeon.
You visited 1 branch of the dungeon, and saw 12 of its levels.
You visited the Abyss 1 time.

You collected 677 gold pieces.

Inventory:

Hand Weapons
 b - a +4 mace (weapon)
 p - a +4 falchion
 I - a +2 spear of venom
Missiles
 K - 4 throwing nets
Armour
 a - a +0 robe
 d - a +0 ring mail
 f - a +0 pair of boots (worn)
 w - a +1 cloak (worn)
 A - a +0 pair of gloves (worn)
 J - a +0 kite shield
 M - the +5 ring mail of Ennui (worn) {rPois rC+ Str+3 Dex-3}
   (You found it on level 8 of the Dungeon)

   Str:       It affects your strength (+3).
   Dex:       It affects your dexterity (-3).
   rC:        It protects you from cold.
   rPois:     It protects you from poison.
Jewellery
 n - the ring of Noiskun (left hand) {Fire Dex+6}
   (You found it on level 2 of the Dungeon)

   [ring of fire]

   It enhances your fire magic.
   Dex:       It affects your dexterity (+6).
   rF:        It protects you from fire.
   rC:        It makes you vulnerable to cold.
 t - a ring of see invisible (right hand)
 z - a ring of ice
Wands
 e - a wand of digging (4)
 h - a wand of flame (5)
 u - a wand of polymorph (13)
 B - a wand of mindburst (30)
 P - a wand of iceblast (4)
 S - a wand of charming (8)
Scrolls
 g - a scroll of fog {unknown}
 k - a scroll of amnesia
 o - 2 scrolls of magic mapping
 q - 2 scrolls of immolation
 x - 2 scrolls of poison
 y - a scroll of torment
 C - a scroll of brand weapon
 D - a scroll of fear
 E - a scroll of enchant armour
 L - a scroll of noise
 R - 3 scrolls of enchant weapon
 U - a scroll of identify
 V - a scroll of silence {unknown}
Potions
 c - 2 potions of brilliance {unknown}
 i - 7 potions of curing
 j - 3 potions of attraction {unknown}
 l - 2 potions of invisibility {unknown}
 m - 4 potions of degeneration {unknown}
 r - 3 potions of might {unknown}
 s - a potion of haste {unknown}
 v - 5 potions of heal wounds {unknown}
 F - 2 potions of lignification {unknown}
 G - a potion of resistance {unknown}
 H - 2 potions of berserk rage {unknown}
 N - 2 potions of flight {unknown}
 O - a potion of ambrosia {unknown}
 Q - a potion of mutation {unknown}
 T - a potion of cancellation {unknown}


   Skills:
 + Level 2.5 Armour
 - Level 1.7 Dodging
 - Level 1.7 Stealth
 - Level 10.3 Spellcasting
 - Level 10.1 Conjurations
 - Level 10.2 Translocations
 - Level 5.3 Earth Magic


You had 20 spell levels left.
You knew the following spells:

 Your Spells              Type           Power      Damage    Failure   Level
a - Magic Dart            Conj           100%       1d8       1%          1
b - Searing Ray           Conj           100%       2d8       1%          2
c - Iskenderun's Mystic   Conj/Tloc      64%        2d13      1%          4
d - Stone Arrow           Conj/Erth      100%       3d13      1%          3

Your spell library contained the following spells:

 Spells                   Type           Power      Damage    Failure   Level
 Apportation              Tloc           100%       N/A       1%          1
 Sandblast                Erth           88%        2d18      1%          1
 Shock                    Conj/Air       100%       1d9       1%          1
 Gell's Gravitas          Tloc           64%        N/A       1%          3
 Teleport Other           Tloc           64%        N/A       1%          3
 Dazzling Flash           Conj/Hex       84%        N/A       2%          3
 Passwall                 Tmut/Erth      24%        N/A       3%          2
 Fulminant Prism          Conj/Hex       21%        3d12      10%         4
 Dispersal                Tloc           32%        N/A       17%         6
 Frozen Ramparts          Ice            28%        1d5       22%         3
 Summon Guardian Golem    Hex/Summ       14%        N/A       22%         3
 Swiftness                Air            14%        N/A       22%         3
 Borgnjor's Vile Clutch   Necr/Erth      14%        N/A       56%         5
 Airstrike                Air            7%         2d(1-17)  58%         4
 Animate Dead             Necr           14%        N/A       58%         4
 Ice Form                 Ice/Tmut       14%        N/A       58%         4
 Summon Ice Beast         Ice/Summ       14%        N/A       58%         4
 Orb of Destruction       Conj           32%        9d10      67%         7
 Agony                    Necr           14%        N/A       91%         5
 Alistair's Intoxication  Tmut/Pois      9%         N/A       91%         5
 Silence                  Hex/Air        7%         N/A       91%         5
 Death Channel            Necr           7%         N/A       100%        6
 Spellforged Servitor     Conj/Summ      21%        N/A       100%        7


Dungeon Overview and Level Annotations

Branches:
Dungeon (12/15)            Temple (0/1) D:7            Lair (0/5) D:9
    Orc (0/2) D:10

Annotations:
D:9 Shake04's ghost, journeyman VSFi
D:11 1 runed translucent door, Esekla's ghost, journeyman DENe
D:12 Azrael


Innate Abilities, Weirdness & Mutations

You have an increased reservoir of magic. (+10% MP)
You shall have no god before yourself.
Your divine heritage dramatically boosts your attributes as you level up.


Message History

You hit Azrael but do no damage.
Azrael is almost dead.
Azrael hits you with a +0 scimitar of flaming!
* * * LOW HITPOINT WARNING * * *
Azrael burns you.
* * * LOW HITPOINT WARNING * * *
The hell hound bites you but does no damage.
Azrael gestures at you. The bolt of fire hits you!! You resist.
* * * LOW HITPOINT WARNING * * *
You take 32 damage, and have 7/74 hp.
MASSIVE DAMAGE!!
Okay, then.
Okay, then.
As you read the scroll of fear, it crumbles to dust.
You assume a fearsome visage.
Azrael looks frightened!
The fire elemental is unaffected.
The hell hound looks frightened!
The fire elemental is unaffected.
The fire elemental hits you. The fire elemental burns you! You resist.
* * * LOW HITPOINT WARNING * * *
You take 4 damage, and have 3/74 hp.
Okay, then.
Okay, then.
You feel better. The fire elemental misses you. The fire elemental hits you.
The fire elemental burns you! You resist.
* * * LOW HITPOINT WARNING * * *
You regained 5 hp, and now have 8/74 hp.
Okay, then.
Okay, then.
You feel better. The fire elemental barely misses you.
The fire elemental closely misses you. Azrael gestures at you.
The fireball explodes!
The fireball engulfs the fire elemental.
The fire elemental completely resists.
The fireball engulfs the fire elemental.
The fire elemental completely resists.
The fireball engulfs you! You resist.
* * * LOW HITPOINT WARNING * * *
The fire elemental barely misses you. The fire elemental hits you.
The fire elemental burns you! You resist.
You die...

............#.............[......
.#..........##...............#...
##..........................#....
###........#....^...........#....
..........#####.......#...###.#..
..........#####....####.#.#...###
........#.....#.......#.......#..
.......###....##..#..............
#.............#○@.##.............
#.#............EE.###..##........
..#..........R#°○## #....#.......
.............○....# #....#...#...
........°........####.......##.##
...>..☼☼...☼.....# #.†......#####
....☼○..☼....h...###.#.##..##
..☼○.............##....#####
○☼...............##...##


You could see Azrael (fleeing), 2 fire elementals and a hell hound (fleeing).

Vanquished Creatures
  Josephine (D:11)
  A hydra (D:9)
  A boulder beetle (D:11)
  2 two-headed ogres
  Urug (D:11)
  A wretched star (Abyss:2)
  Nergalle (D:11)
  An ugly thing (D:12)
  A manticore (D:12)
  An elephant (D:9)
  3 gargoyles
  A kobold demonologist (D:11)
  An unseen horror (D:8)
  3 trolls
  2 hornets
  Prince Ribbit (D:8)
  Grinder (D:3)
  The ghost of Shake04 the Cutter, an amateur VSFi of Dithmenos (D:4)
  2 vampires
  3 wyverns
  A fire elemental (D:12)
  6 wraiths
  7 yaks
  A steam dragon (D:9)
  4 vampire mosquitoes (D:11)
  An acid dragon (D:12)
  2 water moccasins
  3 hell hounds
  2 orc warriors
  2 ice beasts (D:7)
  6 black bears
  6 ogres
  4 centaurs
  A small abomination (Abyss:3)
  6 kobold brigands
  5 gnoll sergeants
  6 bullfrogs
  A scorpion (D:5)
  7 wights
  15 killer bees
  3 howler monkeys
  A quasit (Abyss:2)
  4 hounds
  2 jellies
  6 orc priests
  A gnoll bouda (D:8)
  An iron imp (Abyss:2)
  5 iguanas
  12 orc wizards
  4 adders
  18 gnolls
  A shadow imp (D:8)
  3 white imps
  An ufetubus (D:4)
  3 worms
  4 dart slugs
  37 orcs
  8 ball pythons
  3 bats (D:1)
  3 endoplasms
  8 giant cockroaches
  3 goblins
  12 hobgoblins
  15 kobolds
  6 quokkas
  2 frilled lizards
  3 rats
  A spectral goblin (D:10)
  A butterfly (D:8)
286 creatures vanquished.

Notes
Turn   | Place    | Note
-------+----------+-------------------------------------------
     0 | D:1      | spardeous the Demigod Conjurer began the quest for the Orb.
     0 | D:1      | Reached XP level 1. HP: 14/14 MP: 5/5
   262 | D:1      | You fall into a shaft and drop 1 floor!
   271 | D:2      | Reached XP level 2. HP: 20/20 MP: 2/7
   450 | D:2      | Learned a level 2 spell: Searing Ray
  1290 | D:1      | Reached XP level 3. HP: 4/26 MP: 1/9
  1882 | D:2      | Reached XP level 4. HP: 33/33 MP: 7/11
  2124 | D:2      | Identified the ring of Noiskun {Fire Dex+6}
  2270 | D:3      | Learned a level 4 spell: Iskenderun's Mystic Blast
  2354 | D:3      | Noticed Grinder
  2367 | D:3      | Paralysed by Grinder for 4 turns
  2397 | D:3      | Killed Grinder
  2398 | D:3      | Reached skill level 5 in Conjurations
  2398 | D:3      | Reached XP level 5. HP: 20/38 MP: 2/14
  2498 | D:3      | Reached XP level 6. HP: 45/45 MP: 9/15
  3331 | D:4      | Found a runed translucent gate.
  3332 | D:4      | Found a runed translucent gate.
  3333 | D:4      | Found a runed translucent gate.
  3335 | D:4      | Noticed Shake04's ghost (amateur VSFi)
  3896 | D:4      | Reached XP level 7. HP: 44/50 MP: 10/17
  4243 | D:4      | Reached skill level 5 in Spellcasting
  4507 | D:5      | Entered Level 5 of the Dungeon
  4633 | D:5      | Reached skill level 1 in Translocations
  5675 | D:6      | Reached skill level 5 in Translocations
  5675 | D:6      | Reached XP level 8. HP: 55/57 MP: 11/19
  6899 | D:4      | Killed Shake04's ghost
  7702 | D:7      | Reached XP level 9. HP: 59/62 MP: 11/20
  8074 | D:7      | Found a staircase to the Ecumenical Temple.
  8233 | D:7      | Reached skill level 10 in Conjurations
  8800 | D:8      | Identified the +5 ring mail of Ennui {rPois rC+ Str+3
                  | Dex-3}
  8901 | D:8      | Noticed an unseen horror
  8906 | D:8      | Killed an unseen horror
  9479 | D:8      | Noticed Prince Ribbit
  9495 | D:8      | Killed Prince Ribbit
  9496 | D:8      | Reached XP level 10. HP: 30/69 MP: 15/25
 10675 | D:9      | Learned a level 3 spell: Stone Arrow
 10734 | D:9      | Noticed an elephant
 10770 | D:9      | Reached skill level 1 in Earth Magic
 10773 | D:9      | Killed an elephant
 11076 | D:9      | Reached skill level 5 in Earth Magic
 11477 | D:9      | Found a runed translucent gate.
 11477 | D:9      | Found a runed translucent gate.
 11477 | D:9      | Found a runed translucent gate.
 11479 | D:9      | Noticed Shake04's ghost (journeyman VSFi)
 11479 | D:9      | Noticed a nine-headed hydra
 11517 | D:9      | Found a staircase to the Lair.
 11708 | D:9      | Found a staircase to the Lair.
 12388 | D:9      | Killed a nine-headed hydra
 12765 | D:10     | Entered Level 10 of the Dungeon
 13292 | D:10     | Noticed a two-headed ogre
 13300 | D:10     | Killed a two-headed ogre
 13390 | D:10     | Reached XP level 11. HP: 74/74 MP: 12/28
 13930 | D:10     | Found a staircase to the Orcish Mines.
 13937 | Abyss:2  | Cast into level 2 of the Abyss (gnoll sergeant)
 13993 | Abyss:2  | Noticed a wretched star
 14009 | Abyss:2  | Killed a wretched star
 14111 | Abyss:2  | Noticed a green death
 14183 | D:10     | Escaped the Abyss
 14634 | D:11     | Noticed a boulder beetle
 14771 | D:11     | Noticed Josephine
 14776 | D:11     | Killed Josephine
 14984 | D:11     | Killed a boulder beetle
 15197 | D:11     | Found a runed translucent door.
 15197 | D:11     | Noticed Esekla's ghost (journeyman DENe)
 15244 | D:11     | Reached skill level 10 in Translocations
 15498 | D:11     | Noticed a soul eater
 15760 | D:11     | Noticed Nergalle
 15766 | D:11     | Killed Nergalle
 15825 | D:11     | Noticed Urug
 15914 | D:11     | Killed Urug
 16583 | D:12     | Noticed a two-headed ogre
 16587 | D:12     | Reached skill level 10 in Spellcasting
 16770 | D:12     | Killed a two-headed ogre
 16991 | D:12     | Reached skill level 1 in Armour
 17208 | D:12     | Noticed Azrael
 17272 | D:12     | HP: 3/74 [fire elemental[Azrael] (5)]
 17274 | D:12     | HP: 1/74 [Azrael/fireball (16)]
 17274 | D:12     | Slain by a fire elemental

Illustrated notes

Levels and vault maps discovered:
D:1:      dpeg_arrival_rooms_c, layout_basic
D:2:      layout_rooms, serial_corexii_hall, chequers_hall_statues_y,
          corexii_hall_statues_t, corexii_hall_statues_s,
          corexii_hall_statues_deadend, corexii_hall_statues_i,
          chequers_hall_statues_wall_a, grunt_ministairs_1,
          kennysheep_crisscross
D:3:      layout_rooms, nicolae_gozag_cash_rules_everything_around_me,
          dreamdust_ecumenical_altar_angels_and_demons, hex_tiny, uniq_grinder
D:4:      layout_gridville, mainiacjoe_overflow_paths, lemuel_round_altar,
          gammafunk_ghost_split
D:5:      layout_rooms
D:6:      layout_basic, nicolae_uskayaw_dance_hall, kennysheep_little_box
D:7:      layout_basic, lemuel_temple_firewalk_b, wad_floor_pattern_untrapped,
          minmay_crystal_water, minmay_holes
D:8:      layout_loops_ring, general_overflow_altar, xom_butterflies,
          uniq_prince_ribbit1
D:9:      layout_basic, david_lair_generic, gammafunk_ghost_hydra_chop
D:10:     layout_loops_ring, nicolae_hepliaklqana_monster_ancestors,
          kennysheep_orc_monster_closet_entryway
D:11:     layout_loops_ring, hellmonk_ghost_big_iron,
          kennysheep_generic_room_12, uniq_nergalle, uniq_urug, uniq_josephine
D:12:     layout_cave_pools, feat_on_display, uniq_azrael

Skill      XL: |  1  2  3  4  5  6  7  8  9 10 11 |
---------------+----------------------------------+-----
Spellcasting   | 2 3 4 5 7 9 10 | 10.3
Conjurations   | 4 5 6 9 10 | 10.1
Translocations | 5 7 10 | 10.2
Earth Magic    | 5 |  5.3
Armour         | 2 |  2.5
Dodging        | |  1.7
Stealth        | |  1.7

Action                     |  1- 3 |  4- 6 |  7- 9 | 10-12 || total
---------------------------+-------+-------+-------+-------++-------
  Melee: Falchion          |       |     6 |    10 |       ||    16
         Mace              |       |       |    11 |    37 ||    48
         Punch             |       |       |     1 |       ||     1
   Cast: Magic Dart        |    75 |    57 |     9 |       ||   141
         Searing Ray       |     6 |    15 |    82 |    33 ||   136
         Iskenderun's Myst |       |       |     8 |   148 ||   156
         Stone Arrow       |       |       |       |    19 ||    19
    Use: Potion            |       |     1 |     1 |     3 ||     5
         Scroll            |       |       |       |    16 ||    16
   Stab: Sleeping          |       |       |     1 |       ||     1
 Armour: Ring mail         |     4 |    14 |    44 |   104 ||   166
  Dodge: Dodged            |     4 |     5 |    70 |   128 ||   207
